 Dungeon Crawl Stone Soup version 0.30-a0-557-ge2afbf3030 (webtiles) character file.

Game seed: 15698167100302335898

8808 bmack86 the Cleaver (level 11, 0/97 HPs)
             Began as a Minotaur Fighter on Dec 27, 2022.
             Was a Priest of Okawaru.
             Slain by a boulder beetle (2 damage)
             ... on level 11 of the Dungeon on Dec 28, 2022.
             The game lasted 00:42:03 (10020 turns).

bmack86 the Cleaver (Minotaur Fighter)             Turns: 10020, Time: 00:42:04

Health: 0/97       AC: 33    Str: 30    XL:     11   Next: 14%
Magic:  9/10       EV:  8    Int:  5    God:    Okawaru [***...]
Gold:   600        SH:  6    Dex: 11    Spells: 10/10 levels left

rFire   + . .      SeeInvis .    a - +1 war axe
rCold   + . .      Faith    .    c - +0 buckler
rNeg    . . .      Spirit   .    M - +18 Lear's hauberk
rPois   .          Reflect  .    (helmet currently unavailable)
rElec   .          Harm     .    P - scarf {rC+ rF+}
rCorr   .          Rampage  .    (gloves currently unavailable)
Will    .....                    (boots currently unavailable) Stlth
                                 (no amulet)
HPRegen 0.36/turn                h - +4 ring of protection
MPRegen 0.12/turn                I - +6 ring of strength

@: no status effects
A: horns 2, retaliatory headbutt
a: Renounce Religion, Heroism


You were on level 11 of the Dungeon.
You worshipped Okawaru.
Okawaru was most pleased with you.
You visited 2 branches of the dungeon, and saw 12 of its levels.

You collected 1068 gold pieces.
You spent 468 gold pieces at shops.

Inventory:

Hand Weapons
 a - a +1 war axe (weapon)
 q - the +5 woodcutter's axe
   (You found it on level 2 of the Dungeon)
Missiles
 e - 2 poisoned darts
 g - 2 curare-tipped darts
 o - 4 datura-tipped darts
 r - 5 silver boomerangs (quivered)
 y - 2 javelins
 N - a throwing net
Armour
 c - a +0 buckler (worn)
 E - a +1 pair of boots
 F - a +0 pair of gloves
 K - a +0 plate armour
 M - the +18 Lear's hauberk (worn)
   (You found it on level 8 of the Dungeon)
 P - a scarf of resistance (worn)
Jewellery
 h - a +4 ring of protection (left hand)
 x - a ring of fire
 D - a +6 ring of intelligence
 G - a ring of protection from fire
 I - a +6 ring of strength (right hand)
 Q - a ring of magical power
Wands
 s - a wand of iceblast (10)
 B - a wand of mindburst (7)
 C - a wand of digging (5)
Scrolls
 b - 2 scrolls of amnesia
 i - 2 scrolls of noise
 j - a scroll of blinking
 m - 6 scrolls of teleportation
 p - 3 scrolls of fog
 t - a scroll of fear
 w - 2 scrolls of poison
 J - a scroll of magic mapping
Potions
 d - 2 potions of might
 f - 5 potions of curing
 k - a potion of brilliance
 l - 3 potions of flight
 n - 4 potions of degeneration
 u - 7 potions of mutation
 v - 2 potions of ambrosia
 z - 2 potions of magic
 H - a potion of lignification
 L - a potion of attraction


   Skills:
 + Level 9.2 Fighting
 * Level 12.0 Axes
 - Level 5.0 Throwing
 + Level 9.2 Armour
 + Level 9.2 Shields
 + Level 4.8 Evocations


You had 10 spell levels left.
You didn't know any spells.
Your spell library contained the following spells:

 Spells                   Type           Power      Damage    Failure   Level
 Foxfire                  Conj/Fire      0%         2x1d4     95%         1
 Inner Flame              Hex/Fire       0%         N/A       100%        3
 Stone Arrow              Conj/Erth      0%         3d7       100%        3
 Cause Fear               Hex            0%         N/A       100%        4
 Petrify                  Tmut/Erth      0%         N/A       100%        4
 Alistair's Intoxication  Tmut/Pois      0%         N/A       100%        5
 Borgnjor's Vile Clutch   Necr/Erth      0%         N/A       100%        5
 Fireball                 Conj/Fire      0%         3d3       100%        5
 Metabolic Englaciation   Hex/Ice        0%         N/A       100%        5
 Eringya's Noxious Bog    Tmut/Pois      0%         N/A       100%        6
 Starburst                Conj/Fire      0%         6d3       100%        6
 Statue Form              Tmut/Erth      0%         N/A       100%        6
 Discord                  Hex            0%         N/A       100%        8
 Lehudib's Crystal Spear  Conj/Erth      0%         10d2      100%        8
 Animate Armour           Summ/Erth      Unusable   N/A       N/A         4

Dungeon Overview and Level Annotations

Branches:
Dungeon (11/15)            Temple (1/1) D:5            Lair (0/5) D:10
    Orc (0/2) D:10

Altars:
Ashenzari
Cheibriados
Elyvilon
Fedhas
Gozag
Hepliaklqana
Kikubaaqudgha
Makhleb
Nemelex Xobeh
Okawaru
Qazlal
Ru
Sif Muna
Trog
Uskayaw
Vehumet
Wu Jian
Xom
Yredelemnul
Zin
The Shining One

Shops:
D:2 *

Annotations:
D:11 3 runed translucent doors, greasedhog's ghost, journeyman DrFi


Innate Abilities, Weirdness & Mutations

You have a pair of horns on your head.
You reflexively headbutt those who attack you in melee.


Message History

The boulder beetle bites you.
* * * LOW HITPOINT WARNING * * *
You feel much better. The boulder beetle bites you!
* * * LOW HITPOINT WARNING * * *
You feel much better.
The boulder beetle bites you but does no damage.
You gain the combat prowess of a mighty hero.
The boulder beetle bites you!
* * * LOW HITPOINT WARNING * * *
You hit the boulder beetle.
You headbutt the boulder beetle, but do no damage.
The boulder beetle is moderately wounded.
The boulder beetle bites you.
* * * LOW HITPOINT WARNING * * *
You hit the boulder beetle but do no damage.
You headbutt the boulder beetle, but do no damage.
The boulder beetle is moderately wounded.
You hit the boulder beetle but do no damage.
The boulder beetle is moderately wounded.
The boulder beetle leaps!
The boulder beetle leaps!
The boulder beetle curls into a ball and begins rolling!
You feel like a meek peon again.
A wraith comes into view.
You slash the boulder beetle!
The boulder beetle is heavily wounded.
The boulder beetle hits you!!
* * * LOW HITPOINT WARNING * * *
The boulder beetle stops rolling and uncurls.
You hit the boulder beetle.
The boulder beetle is heavily wounded.
The boulder beetle barely misses you. You furiously retaliate!
You headbutt the boulder beetle!
You hit the boulder beetle but do no damage.
The boulder beetle is severely wounded.
The boulder beetle bites you but does no damage.
You hit the boulder beetle but do no damage.
The boulder beetle is severely wounded.
The boulder beetle bites you.
You die...

#######################
.......................
...........?......#####
.......@..........#
.^.....B..........#
..................#
....W.............#
..............[...#
....<.............######
........................
......>.................
.....................


You could see a boulder beetle and a wraith.

Vanquished Creatures
  2 two-headed ogres
  A tengu warrior (D:8)
  The ghost of Squincus the Geomancer, a novice GrEE of Sif Muna (D:6)
  2 komodo dragons (D:10)
  A hornet (D:9)
  2 trolls
  The ghost of sirJeffrey23 the Skirmisher, an amateur DEHu (D:4)
  3 wyverns
  A vampire (D:11)
  4 yaks (D:9)
  Grum (D:8)
  A steam dragon (D:9)
  3 water moccasins
  A black bear (D:5)
  2 sky beasts (D:7)
  3 orc warriors
  2 ice beasts
  2 wolves (D:8)
  5 ogres
  A centaur (D:10)
  4 bullfrogs
  2 gnoll sergeants
  3 scorpions
  2 necrophages
  5 wights (D:9)
  5 killer bees (D:8)
  A howler monkey (D:9)
  4 electric eels
  2 hounds
  4 jellies
  7 orc priests
  3 iguanas (D:5)
  10 orc wizards
  A centaur simulacrum (D:4)
  2 bullfrog simulacra (D:4)
  A scorpion simulacrum (D:4)
  9 gnolls
  9 adders
  2 hound simulacra (D:4)
  A shadow imp (D:5)
  A white imp (D:5)
  An ufetubus (D:5)
  4 worms
  2 dart slugs
  An adder simulacrum (D:4)
  26 orcs
  4 ball pythons
  7 bats
  7 endoplasms
  6 giant cockroaches
  5 goblins
  4 hobgoblins
  8 quokkas
  4 frilled lizards
  12 kobolds
  5 rats
  A spectral orc (D:5)
  2 bushes (D:5)
216 creatures vanquished.

Vanquished Creatures (others)
  A fungus (D:9)
  A plant (D:5)
2 creatures vanquished.

Grand Total: 218 creatures vanquished

Notes
Turn   | Place    | Note
-------+----------+-------------------------------------------
     0 | D:1      | bmack86 the Minotaur Fighter began the quest for the Orb.
     0 | D:1      | Reached XP level 1. HP: 19/19 MP: 0/0
   128 | D:1      | Reached XP level 2. HP: 27/27 MP: 1/1
   498 | D:1      | Reached skill level 3 in Axes
   878 | D:2      | Reached XP level 3. HP: 28/33 MP: 2/2
  1065 | D:2      | Found a glowing silver altar of Zin.
  1084 | D:2      | Found Cewiu's General Store.
  1515 | D:2      | Found the +5 woodcutter's axe
  1523 | D:2      | Reached XP level 4. HP: 40/40 MP: 3/3
  1802 | D:3      | Found a burning altar of Makhleb.
  2290 | D:3      | Reached skill level 4 in Axes
  2344 | D:4      | Noticed a scorpion
  2348 | D:4      | Killed a scorpion
  2349 | D:4      | Reached XP level 5. HP: 39/47 MP: 4/4
  2456 | D:4      | Found a bloodstained altar of Trog.
  2475 | D:4      | Found an opulent altar of Gozag.
  2575 | D:4      | You fall into a shaft and drop 1 floor!
  2575 | D:5      | Entered Level 5 of the Dungeon
  2619 | D:5      | Reached skill level 5 in Axes
  2622 | D:5      | Reached XP level 6. HP: 28/55 MP: 5/5
  2722 | D:5      | Found a sacrificial altar of Ru.
  2723 | D:5      | Found an ancient bone altar of Kikubaaqudgha.
  2724 | D:5      | Found a stormy altar of Qazlal.
  2807 | D:4      | Reached skill level 5 in Fighting
  2807 | D:4      | Reached skill level 5 in Armour
  2880 | D:4      | Noticed an ice beast
  2927 | D:4      | Found a runed translucent gate.
  2927 | D:4      | Found a runed translucent gate.
  2927 | D:4      | Found a runed translucent gate.
  2940 | D:4      | Reached skill level 5 in Shields
  3296 | D:4      | Noticed sirJeffrey23's ghost (amateur DEHu)
  3415 | D:5      | Found a staircase to the Ecumenical Temple.
  3424 | Temple   | Entered the Ecumenical Temple
  3587 | Temple   | Became a worshipper of Warmaster Okawaru
  3730 | D:5      | Noticed an orc warrior
  3748 | D:5      | HP: 1/56 [orc warrior/+0 scimitar (13)]
  3755 | D:5      | Killed an orc warrior
  3756 | D:5      | Reached skill level 1 in Throwing
  3849 | D:5      | Noticed a water moccasin
  3861 | D:5      | Killed a water moccasin
  3861 | D:5      | Reached * piety under Okawaru
  3862 | D:5      | Reached skill level 6 in Axes
  3862 | D:5      | Reached XP level 7. HP: 38/61 MP: 6/6
  3948 | D:5      | Found a basalt altar of Yredelemnul.
  4115 | D:5      | Reached skill level 7 in Axes
  4138 | D:5      | Reached XP level 8. HP: 70/70 MP: 4/7
  4884 | D:6      | Reached skill level 8 in Axes
  4941 | D:6      | Found a runed translucent door.
  4950 | D:6      | Noticed Squincus's ghost (novice GrEE)
  5163 | D:6      | Found a radiant altar of Vehumet.
  5201 | D:6      | Reached skill level 1 in Evocations
  5221 | D:6      | Found a runed translucent door.
  5481 | D:6      | Reached XP level 9. HP: 60/78 MP: 6/8
  5488 | D:6      | Killed Squincus's ghost
  5488 | D:6      | Reached ** piety under Okawaru
  5548 | D:4      | Reached skill level 9 in Axes
  5569 | D:4      | Killed sirJeffrey23's ghost
  5789 | D:2      | Bought a +6 ring of intelligence for 468 gold pieces
  6957 | D:8      | Reached skill level 10 in Axes
  6961 | D:8      | Noticed Grum
  6985 | D:8      | Killed Grum
  6986 | D:8      | Reached XP level 10. HP: 28/88 MP: 9/9
  7629 | D:8      | Noticed a tengu warrior
  7637 | D:8      | Killed a tengu warrior
  7638 | D:8      | Reached skill level 5 in Throwing
  7673 | D:8      | Got the -2 chain mail of Wrong Decisions {rC+}
  7695 | D:8      | Found the +18 Lear's hauberk
  7861 | D:8      | Found an ornate altar of the Wu Jian Council.
  7885 | D:9      | Reached *** piety under Okawaru
  8104 | D:9      | Found a shimmering altar of Xom.
  8418 | D:9      | Reached skill level 11 in Axes
  8731 | D:10     | Entered Level 10 of the Dungeon
  8812 | D:10     | Found a glowing silver altar of Zin.
  8963 | D:10     | Found a staircase to the Orcish Mines.
  9002 | D:10     | Found a staircase to the Lair.
  9010 | D:10     | Noticed a two-headed ogre
  9012 | D:10     | Found a hide-covered altar of Uskayaw.
  9019 | D:10     | Killed a two-headed ogre
  9146 | D:10     | Reached XP level 11. HP: 95/97 MP: 10/10
  9207 | D:10     | Reached **** piety under Okawaru
  9443 | D:10     | Found a glowing golden altar of the Shining One.
  9778 | D:11     | Noticed a two-headed ogre
  9787 | D:11     | Killed a two-headed ogre
  9788 | D:11     | Reached skill level 12 in Axes
  9833 | D:11     | Found a runed translucent gate.
  9833 | D:11     | Noticed greasedhog's ghost (journeyman DrFi)
  9834 | D:11     | Found a runed translucent gate.
  9835 | D:11     | Found a runed translucent gate.
  9971 | D:11     | Noticed a boulder beetle
 10017 | D:11     | HP: 1/97 [boulder beetle (26)]
 10020 | D:11     | Slain by a boulder beetle

Illustrated notes

Levels and vault maps discovered:
D:1:      lightli_arrival_farm, layout_basic
D:2:      layout_basic, serial_shops, nicolae_shop_statue_plus, basic_altar,
          hangedman_decor_lopped, kennysheep_another_room, serial_park_tiny_2,
          minmay_misc_feat_secret_circle, grunt_decor_arrowhead
D:3:      layout_loops_ring, bloody_makhleb, grunt_ministairs_2
D:4:      layout_loops_ring, amcnicky_altar_gilded,
          mainiacjoe_overflow_concentric_impassable, gammafunk_ghost_icy,
          minmay_misc_feat_x
D:5:      minmay_polygon_palace, layout_basic,
          yredelemnul_forgotten_temple_becter,
          gammafunk_temple_overflow_forgotten, minmay_misc_feat_enclosed,
          minmay_misc_feat_columns
D:6:      layout_basic, vehumet_crystals, ebering_ghost_sewer_f,
          grunt_ministairs_6
D:7:      hellmonk_crumbling_castle, layout_cave_pools, nicolae_lava_and_water
D:8:      layout_rooms, mainiacjoe_overflow_alcove_4, minivault_24,
          minmay_misc_feat_alley, kennysheep_minor_cross,
          hellmonk_guarded_unrand_lears, uniq_grum
D:9:      layout_basic, mainiacjoe_overflow_boulevard, chequers_mini_garden
D:10:     layout_irregular_city, zin_scriptorium, nicolae_uskayaw_dance_hall,
          nicolae_tso_carved_into_rock, orc_0_dummy, hex_tiny
D:11:     dreamdust_labyrinth, layout_long_grid, biasface_ghost_orc_armoury
Temple:   grunt_temple_mini_profane

Skill      XL: |  1  2  3  4  5  6  7  8  9 10 11 |
---------------+----------------------------------+-----
Axes           | 3 4 5 6 7 8 10 11 12 | 12.0
Fighting       | 4 5 6 7 9 |  9.2
Armour         | 4 5 6 7 9 |  9.2
Shields        | 4 5 6 7 9 |  9.2
Throwing       | 1 2 3 4 5 |  5.0
Evocations     | 1 3 4 |  4.8

Action                   |  1- 3 |  4- 6 |  7- 9 | 10-12 || total
-------------------------+-------+-------+-------+-------++-------
Melee: War axe           |    86 |   108 |   307 |   149 ||   650
       Headbutt          |    13 |    15 |    72 |    35 ||   135
Throw: Boomerang         |       |     3 |     4 |     1 ||     8
Invok: Heroism           |       |       |    17 |    11 ||    28
  Use: Scroll            |     1 |     7 |    10 |     6 ||    24
       Potion            |       |     3 |     1 |     3 ||     7
Armor: Scale mail        |    68 |    53 |    36 |       ||   157
       Chain mail        |       |       |    88 |   111 ||   199
       Plate armour      |       |       |       |    14 ||    14
Dodge: Dodged            |    53 |    51 |    88 |    60 ||   252
Block: Buckler           |    17 |    30 |    60 |    56 ||   163

Table legend: (Time is in decaauts)
 A = Elapsed time spent in this place.
 B = Non-inter-level travel time spent in this place.
 C = Inter-level travel time spent in this place.
 D = Time resting spent in this place.
 E = Time spent auto-exploring this place.
 F = Levels seen in this place.
 G = Mean time per level.
                   A        B        C        D        E       F      G
               +--------+--------+--------+--------+--------+-----+--------+
         Total |  10117 |   9591 |    526 |    455 |   5662 |  12 |  843.1 |
       Dungeon |   9930 |   9427 |    503 |    455 |   5511 |  11 |  902.7 |
        Temple |    187 |    164 |     23 |      0 |    151 |   1 |  187.0 |
               +--------+--------+--------+--------+--------+-----+--------+

Top non-repeatable levels by time:
     D:5: 1423 daAuts
     D:8: 1246 daAuts
    D:10: 1032 daAuts
     D:6: 933 daAuts
     D:4: 902 daAuts
     D:2: 890 daAuts
     D:1: 884 daAuts
     D:9: 849 daAuts
     D:7: 759 daAuts
     D:3: 758 daAuts
    D:11: 246 daAuts
  Temple: 187 daAuts
